 Dungeon Crawl Stone Soup version 0.31-a0-486-g8d68a81214 (webtiles) character file.

Game seed: 15491766036879924369

4 AstroCodex24 the Trooper (level 1, -3/13 HPs)
             Began as a Deep Elf Fighter on Aug 7, 2023.
             Slain by a phantom (6 damage)
             ... on level 4 of the Dungeon.
             The game lasted 00:01:16 (303 turns).

AstroCodex24 the Trooper (Deep Elf Fighter)          Turns: 303, Time: 00:01:17

Health: -3/13      AC:  6    Str: 13    XL:     1   Next: 58%
Magic:  3/3        EV:  8    Int: 12    God:
Gold:   28         SH:  4    Dex: 14    Spells: 0/0 levels left

rFire   . . .        a - +0 war axe
rCold   . . .        c - +0 buckler
rNeg    . . .        b - +0 scale mail
rPois   .            (no helmet)
rElec   .            (no cloak)
rCorr   .            (no gloves)
SInv    .            (no boots)
Will    .....        (no amulet) Stlth
                     (no ring)
HPRegen 0.22/turn    (no ring)
MPRegen 0.08/turn

%: no passive effects
@: no status effects
A: no striking features
a: no special abilities


You were on level 4 of the Dungeon.
You visited 1 branch of the dungeon, and saw 4 of its levels.

You collected 28 gold pieces.

Inventory:

Hand Weapons
 a - a +0 war axe (weapon)
Armour
 b - a +0 scale mail (worn)
 c - a +0 buckler (worn)
Scrolls
 f - 2 scrolls of identify {unknown}
Potions
 d - 2 potions of might
 e - 2 potions of brilliance {unknown}


   Skills:
 + Level 2.5 Fighting
 + Level 1.6 Axes
 + Level 2.4 Armour
 + Level 2.5 Shields


You couldn't memorise any spells.
You didn't know any spells.
Your spell library was empty.

Dungeon Overview and Level Annotations

Branches:
Dungeon (4/15)
 Temple: D:4-7

Altars:


Message History

A kobold comes into view. It is wielding a +0 club.
The kobold shouts!
There is an open door here.
You barely miss the kobold. You block the kobold's attack.
You slash the kobold!
You kill the kobold!
You see here a +0 club.
You open the door.
There is an open door here.
Found a stone staircase leading up.
Found 2 scrolls labelled HUALLOLIEG.
You hear the slow hiss of an avalanche of sand.
f - 2 scrolls labelled HUALLOLIEG A phantom comes into view.
You barely miss the phantom. The phantom closely misses you.
You hit the phantom.
The phantom is lightly damaged.
The phantom hits you but does no damage.
The phantom hits you.
The phantom blinks!
You blink.
The phantom closely misses you.
You barely miss the phantom. The phantom hits you.
You closely miss the phantom. The phantom hits you. x2
You hit the phantom.
The phantom is lightly damaged.
The phantom barely misses you.
You completely miss the phantom.
The phantom is lightly damaged.
The phantom closely misses you.
You barely miss the phantom.
The phantom is lightly damaged.
The phantom hits you but does no damage.
The phantom barely misses you.
You barely miss the phantom. The phantom hits you.
* * * LOW HITPOINT WARNING * * *
The phantom blinks!
You blink.
The phantom hits you but does no damage.
You hit the phantom.
The phantom is lightly damaged.
The phantom barely misses you. The phantom hits you.
You die...

#.........# #...#
#..######.# #...#
#.......#.# #..<#
#.........#######
##...#..#....#
#..#..###...# #
#.#..##
##..####.# #...##
##......# #..##
##W@#### #.#
#+#####..###
...........#
####.......#
####....# #....#
######


You could see a phantom.

Vanquished Creatures
  A hobgoblin (D:1)
  A bat (D:3)
  2 kobolds
  2 rats (D:2)
6 creatures vanquished.

Notes
Turn   | Place    | Note
-------+----------+-------------------------------------------
     0 | D:1      | AstroCodex24 the Deep Elf Fighter began the quest for the
                  | Orb.
     0 | D:1      | Reached XP level 1. HP: 13/13 MP: 3/3
   288 | D:4      | Noticed a phantom
   303 | D:4      | Slain by a phantom

Illustrated notes

Levels and vault maps discovered:
D:1:      ncdulo_wetmaze, layout_basic, minmay_misc_feat_ornament
D:2:      layout_rooms, kennysheep_cross_room
D:3:      layout_loops_cross
D:4:      cheibrodos_fertilizer, layout_basic, gup_ossuary_entry_pyramid,
          minmay_misc_feat_secret_circle

Action                     || total
---------------------------++-------
  Melee: War axe           ||    21
 Armour: Scale mail        ||     8
  Dodge: Dodged            ||    15
  Block: Buckler           ||     6

Table legend: (Time is in decaauts)
 A = Elapsed time spent in this place.
 B = Non-inter-level travel time spent in this place.
 C = Inter-level travel time spent in this place.
 D = Time resting spent in this place.
 E = Time spent auto-exploring this place.
 F = Levels seen in this place.
 G = Mean time per level.
                   A        B        C        D        E       F      G
               +--------+--------+--------+--------+--------+-----+--------+
         Total |    312 |    312 |      0 |      0 |      0 |   4 |   78.0 |
       Dungeon |    312 |    312 |      0 |      0 |      0 |   4 |   78.0 |
               +--------+--------+--------+--------+--------+-----+--------+

Top non-repeatable levels by time:
     D:1: 142 daAuts
     D:4: 88 daAuts
     D:3: 41 daAuts
     D:2: 40 daAuts
